 Dungeon Crawl Stone Soup version 0.25.0-26-g0c896c7088 (webtiles) character file.

Game seed: 16292182679576353656

39 Exodus22XD the Ducker (level 3, -15/28 HPs)
             Began as a Demonspawn Gladiator on July 4, 2020.
             Demolished by an ogre
             ... wielding a +0 giant club
              (27 damage)
             ... on level 2 of the Dungeon.
             The game lasted 00:00:55 (1307 turns).

Exodus22XD the Ducker (Demonspawn Gladiator)        Turns: 1307, Time: 00:00:55

Health: -15/28     AC:  6    Str: 15    XL:     3   Next: 28%
Magic:  3/3        EV: 13    Int:  9    God:
Gold:   130        SH:  4    Dex: 14    Spells: 2/2 levels left

rFire    + . .     SeeInvis .   a - +0 trident
rCold    . . .     Gourm    .   (no shield)
rNeg     . . .     Faith    .   b - +0 leather armour
rPois    .         Spirit   .   c - +0 helmet
rElec    .         Reflect  .   (no cloak)
rCorr    .         Harm     .   e - +1 pair of gloves
MR       .....                  (no boots)
Stlth    +.........             (no amulet)
HPRegen  0.09/turn              g - ring of protection from fire
MPRegen  0.08/turn              (no ring)

@: no status effects
A: large bone plates 1, powered by pain 1
a: no special abilities


You were on level 2 of the Dungeon.
You were not hungry.

You visited 1 branch of the dungeon, and saw 2 of its levels.

You collected 130 gold pieces.

Inventory:

Hand Weapons
 a - a +0 trident (weapon)
Missiles
 d - 3 throwing nets (quivered)
Armour
 b - a +0 leather armour (worn)
 c - a +0 helmet (worn)
 e - a +1 pair of gloves (worn)
Jewellery
 g - a ring of protection from fire (left hand)
Scrolls
 k - a scroll of immolation {unknown}
 l - 2 scrolls of teleportation {unknown}
 o - 3 scrolls of identify {unknown}
 q - a scroll of enchant armour {unknown}
 r - a scroll of fog {unknown}
Potions
 h - a potion of mutation {unknown}
 i - a potion of might {unknown}
 j - 2 potions of curing {unknown}
 m - a potion of flight {unknown}
 n - 2 potions of haste {unknown}
 p - a potion of stabbing {unknown}
Comestibles
 f - 5 rations


   Skills:
 + Level 2.4 Fighting
 + Level 3.0 Polearms
 - Level 1.7 Throwing
 + Level 0.5 Armour
 + Level 3.1 Dodging
 + Level 0.9 Stealth


You had 2 spell levels left.
You didn't know any spells.
Your spell library was empty.

Dungeon Overview and Level Annotations

Branches:
Dungeon (2/15)

Altars:


Innate Abilities, Weirdness & Mutations

You are partially covered in large bone plates. (SH +4)
You sometimes gain a little power by taking damage.


Message History

r - a scroll labeled UDOKUC QIBBU No target in view!
An ogre comes into view. It is wielding a +0 giant club.
The ogre shouts!
Attack whom?
Press: ? - help, Dir - move target cursor, f - ogre
Aim: an ogre, wielding a +0 giant club You reach to attack!
You barely miss the ogre.
An ogre is nearby!
g - a ring of protection from fire (left hand)
You hit the ogre but do no damage. The ogre completely misses you.
You hit the ogre.
The ogre is lightly wounded.
The ogre hits you with a +0 giant club!
Ouch! That really hurt!
You hit the ogre.
The ogre is moderately wounded.
The ogre hits you with a +0 giant club!!
Ouch! That really hurt!
You die...

#.........≈.≈#
#.#.
##'######.≈.≈#
#... #.#
#.≈≈≈# ##..
##########.#
#...## #.#
#..........#
##### #..
#..........#
##.
#..........#
#.
#..........#
##
##########@# #
#O# #### #.#
#..... #.#
#.#### #.# ...
###


You could see an ogre.

Vanquished Creatures
  An adder (D:2)
  A dart slug (D:1)
  A leopard gecko (D:1)
  2 giant cockroaches (D:1)
  5 goblins
  4 hobgoblins
  4 bats (D:1)
  2 frilled lizards (D:2)
  5 kobolds
  2 rats
27 creatures vanquished.

Notes
Turn   | Place    | Note
-------+----------+-------------------------------------------
     0 | D:1      | Exodus22XD the Demonspawn Gladiator began the quest for the
                  | Orb.
     0 | D:1      | Reached XP level 1. HP: 16/16 MP: 1/1
   299 | D:1      | Gained mutation: You are partially covered in large bone
                  | plates. (SH +4) [demonic ancestry]
   299 | D:1      | Reached XP level 2. HP: 22/22 MP: 2/2
   837 | D:2      | Gained mutation: You sometimes gain a little power by
                  | taking damage. [demonic ancestry]
   837 | D:2      | Reached XP level 3. HP: 24/28 MP: 3/3
  1301 | D:2      | Noticed an ogre
  1307 | D:2      | Demolished by an ogre

Illustrated notes

Levels and vault maps discovered:
D:1:      roderic_octagonal_star, layout_loops_ring, corexii_hall_statues_l,
          amethyst_killhole
D:2:      layout_basic, first_ration, chequers_serial_rivers_micro_d,
          grunt_ministairs_9, corexii_leaking_fountain, corexii_corridor_pit

Skill      XL: |  1  2 |
---------------+-------+-----
Dodging        | 3 |  3.1
Polearms       | 3 |  3.0
Fighting       | |  2.4
Throwing       | |  1.7
Armour         | |  0.5
Stealth        | |  0.9

Action                   || total
-------------------------++-------
Melee: Trident           ||    91
 Stab: Sleeping          ||     3
  Eat: Chunk             ||     1
Armor: Leather armour    ||    24
Dodge: Dodged            ||    50
Block: Other             ||     4
